 Dungeon Crawl Stone Soup version 0.30-a0-1016-gfb0d676c02 (webtiles) character file.

Game seed: 7522626990989603364

760 Arcadio the Covert (level 7, 0/38 HPs)
             Began as a Vampire Brigand on Apr 6, 2023.
             Was a Follower of Uskayaw.
             Slain by an ogre
             ... wielding a +0 giant club
              (18 damage)
             ... on level 5 of the Dungeon.
             The game lasted 00:13:26 (4770 turns).

Arcadio the Covert (Vampire Brigand)                Turns: 4770, Time: 00:13:27

Health: 0/38       AC:  4    Str:  8 (10) XL:     7   Next: 51%
Magic:  7/7        EV: 12    Int: 10 (13) God:    Uskayaw [*.....]
Gold:   259        SH:  0    Dex: 15 (18) Spells: 4/6 levels left

rFire   . . .      SeeInvis +    o - +2 dagger (venom)
rCold   + + .      Faith    .    (no shield)
rNeg    + + +      Spirit   .    b - +0 robe
rPois   ∞          Reflect  .    g - +0 helmet
rElec   .          Rampage  .    c - +0 cloak
rCorr   .                        (no gloves)
Will    .....                    (no boots)
Stlth   ++++++                   (no amulet)
HPRegen 0.00/turn                (no ring)
MPRegen 0.10/turn                (no ring)

@: bloodless, inhibited regen
A: bloodless, fangs 3, see invisible, vampiric 2, [frail 1]
a: Bat Form, Revivify, Renounce Religion, Stomp


You were on level 5 of the Dungeon.
You worshipped Uskayaw.
Uskayaw was noncommittal.
You visited 2 branches of the dungeon, and saw 6 of its levels.

You collected 259 gold pieces.

Inventory:

Hand Weapons
 a - a +2 dagger
 o - a +2 dagger of venom (weapon)
Missiles
 d - 11 poisoned darts (quivered)
 e - 3 curare-tipped darts
 u - a throwing net
Armour
 b - a +0 robe (worn)
 c - a +0 cloak (worn)
 g - a +0 helmet (worn)
Scrolls
 f - a scroll of noise
 h - a scroll of identify
 j - 2 scrolls of amnesia
 k - 2 scrolls of blinking
 r - a scroll of fear {unknown}
 v - a scroll of butterflies {unknown}
Potions
 i - a potion of curing {unknown}
 l - 3 potions of might {unknown}
 m - 2 potions of flight {unknown}
 n - 2 potions of mutation {unknown}
 p - a potion of lignification {unknown}
 q - a potion of magic {unknown}
 s - a potion of brilliance {unknown}
 t - 2 potions of attraction {unknown}
 w - a potion of degeneration {unknown}


   Skills:
 + Level 4.6 Fighting
 + Level 5.7 Short Blades
 - Level 1.5 Throwing
 - Level 1.1 Dodging
 + Level 9.6 Stealth


You had 4 spell levels left.
You knew the following spells:

 Your Spells              Type           Power      Damage    Failure   Level
a - Ensorcelled Hibernat  Hex/Ice        0%         N/A       50%         2

Your spell library contained the following spells:

 Spells                   Type           Power      Damage    Failure   Level
 Passwall                 Tmut/Erth      0%         N/A       50%         2
 Swiftness                Air            0%         N/A       75%         3


Dungeon Overview and Level Annotations

Branches:
Dungeon (5/15) Zot: 25663  Temple (1/1) D:5 Zot: 5675

Altars:
Ashenzari
Cheibriados
Dithmenos
Fedhas
Gozag
Hepliaklqana
Makhleb
Nemelex Xobeh
Qazlal
Ru
Sif Muna
Uskayaw
Vehumet
Wu Jian
Xom


Innate Abilities, Weirdness & Mutations

You do not regenerate when monsters are visible.
You are frail without blood (-20% HP).
You can heal yourself when you bite living creatures.
You are immune to poison.
You have razor-sharp teeth.
You have supernaturally acute eyesight. (SInv)
You are afflicted with vampirism and can become a bat while bloodless.
[You are frail. (-10% HP)]


Message History

Found a glowing silver altar of Zin.
There is an open door here.
There is an open door here.
You open the door.
Found a snail-covered altar of Cheibriados.
There is an open door here.
There is an open door here.
Found a radiant altar of Vehumet.
You open the door.
Found an opulent altar of Gozag.
There is an open door here.
There is an open door here.
You open the door.
Found a broken altar of Ashenzari.
There is an open door here.
There is an open door here.
You open the door.
Found an ornate altar of the Wu Jian Council.
There is an open door here.
There is an open door here.
You open the door.
Found a shimmering blue altar of Sif Muna.
There is an open door here.
Done exploring.
Done exploring.
There is a staircase back to the Dungeon here.
You climb upwards.
Welcome back to the Dungeon!
There is a staircase to the Ecumenical Temple here.
The ogre hits you with a +0 giant club!!
Ouch! That really hurt!
You hit the ogre.
The ogre is poisoned.
Your bite misses the ogre.
The ogre is lightly wounded.
The ogre misses you.
You hit the ogre but do no damage.
The ogre looks as sick as possible!
You bite the ogre.
You draw the ogre's blood!
You feel better.
The ogre is moderately wounded.
You hit the ogre.
The ogre looks as sick as possible!
The ogre is heavily wounded.
The ogre hits you with a +0 giant club!!
You die...

# .# .## ## ..
#.. .. . . ###
.. .# ....
..##. ..#
.#..###..#...#
..#...#@O#
.#.###.#.# #
#.#...#.#.# #
#.#.#.>.#.#.#
#.#.#(#...#.#
#
#..#.#.###.#.
#..#..#...#..#
#...#..###..#.
##...##...#
...#


You could see an ogre (extremely poisoned).

Vanquished Creatures
  Sigmund (D:2)
  A phantom (D:4)
  Blork the orc (D:4)
  A scorpion (D:4)
  A jelly (D:4)
  3 hounds
  2 gnoll boudas
  An iguana (D:5)
  A sleepcap (D:4)
  4 gnolls (D:4)
  4 adders
  3 worms
  A dart slug (D:2)
  5 orcs (D:4)
  4 ball pythons
  6 bats
  5 endoplasms
  5 giant cockroaches
  3 hobgoblins
  2 jackals (D:4)
  12 kobolds
  6 quokkas
  3 frilled lizards
  8 goblins
  7 rats
90 creatures vanquished.

Vanquished Creatures (others)
  A plant (D:3)
1 creature vanquished.

Grand Total: 91 creatures vanquished

Notes
Turn   | Place    | Note
-------+----------+-------------------------------------------
     0 | D:1      | Arcadio the Vampire Brigand began the quest for the Orb.
     0 | D:1      | Reached XP level 1. HP: 16/16 MP: 1/1
    74 | D:1      | You fall into a shaft and drop 1 floor!
   130 | D:1      | Reached skill level 6 in Stealth
   287 | D:1      | Reached XP level 2. HP: 22/22 MP: 2/2
   472 | D:1      | Found a faded altar of an unknown god.
   728 | D:2      | Noticed Sigmund
   755 | D:2      | Gained mutation: You are afflicted with vampirism and can
                  | become a bat while bloodless. [Vampire growth]
   755 | D:2      | Reached XP level 3. HP: 28/28 MP: 3/3
  1115 | D:2      | Killed Sigmund
  1116 | D:2      | Reached skill level 7 in Stealth
  1116 | D:2      | Reached XP level 4. HP: 28/28 MP: 4/4
  1116 | D:2      | Reached XP level 5. HP: 32/32 MP: 5/5
  1286 | D:3      | Found a hazy altar of Hepliaklqana.
  1452 | D:3      | Found a sparkling altar of Nemelex Xobeh.
  2193 | D:4      | Reached skill level 8 in Stealth
  2193 | D:4      | Reached XP level 6. HP: 36/37 MP: 6/6
  2193 | D:4      | Noticed Blork the orc
  2617 | D:4      | Found a blossoming altar of Fedhas.
  2679 | D:4      | Learned a level 2 spell: Ensorcelled Hibernation
  2707 | D:4      | Found a sacrificial altar of Ru.
  2834 | D:4      | Found a hide-covered altar of Uskayaw.
  2896 | D:4      | Became a worshipper of Uskayaw the Reveller
  3203 | D:4      | Reached * piety under Uskayaw
  3211 | D:4      | Reached ** piety under Uskayaw
  3216 | D:4      | Killed Blork the orc
  3313 | D:4      | Found a stormy altar of Qazlal.
  3485 | D:4      | Reached skill level 5 in Short Blades
  3670 | D:4      | Reached XP level 7. HP: 14/43 MP: 7/7
  3989 | D:5      | Entered Level 5 of the Dungeon
  4000 | D:5      | Reached skill level 9 in Stealth
  4252 | D:5      | Reached *** piety under Uskayaw
  4264 | D:4      | Reached **** piety under Uskayaw
  4272 | D:4      | Reached ***** piety under Uskayaw
  4435 | D:5      | Found a staircase to the Ecumenical Temple.
  4439 | Temple   | Entered the Ecumenical Temple
  4770 | D:5      | Slain by an ogre

Illustrated notes

Levels and vault maps discovered:
D:1:      dpeg_arrival_signposts, layout_basic,
          ebering_ecumenical_altar_sacrificial
D:2:      layout_rooms, chequers_hall_statues_y, uniq_sigmund
D:3:      layout_basic, general_overflow_altar, nicolae_hepliaklqana_hazy_memory
D:4:      layout_basic, lemuel_crystal_altar, lemuel_crystal_altar,
          old_standard_altar, fedhas_altar_fruit_tree,
          kennysheep_generic_room_14, uniq_blork_the_orc
D:5:      due_chaos_kobolds, layout_loops_ring, old_standard_altar,
          minmay_temple_entry_steel_oval, serial_shops, nicolae_shop_stone,
          hex_tiny, st_stairs_11, minmay_manual_monolith
Temple:   minmay_temple_curvy_loop

Skill      XL: |  1  2  3  4  5  6  7 |
---------------+----------------------+-----
Stealth        | 6 7 8 9 |  9.6
Fighting       | 2 3 4 |  4.6
Short Blades   | 4 5 |  5.7
Throwing       | |  1.5
Dodging        | |  1.1

Action                     |  1- 3 |  4- 6 |  7- 9 || total
---------------------------+-------+-------+-------++-------
  Melee: Dagger            |    79 |   123 |    50 ||   252
         Bite              |     3 |    17 |     7 ||    27
         Punch             |     2 |     2 |     3 ||     7
 Invoke: Stomp             |       |     1 |       ||     1
Ability: Exsanguinate      |     1 |       |     1 ||     2
         End Transformatio |       |     2 |       ||     2
         Bat Form          |       |     2 |       ||     2
         Revivify          |       |       |     1 ||     1
    Use: Scroll            |       |     5 |       ||     5
   Stab: Sleeping          |    22 |    17 |     4 ||    43
         Distracted        |     1 |       |       ||     1
         Paralysed         |       |       |     1 ||     1
 Armour: Robe              |    14 |     9 |     8 ||    31
  Dodge: Dodged            |    32 |    60 |    21 ||   113

Table legend: (Time is in decaauts)
 A = Elapsed time spent in this place.
 B = Non-inter-level travel time spent in this place.
 C = Inter-level travel time spent in this place.
 D = Time resting spent in this place.
 E = Time spent auto-exploring this place.
 F = Levels seen in this place.
 G = Mean time per level.
                   A        B        C        D        E       F      G
               +--------+--------+--------+--------+--------+-----+--------+
         Total |   4660 |   4492 |    168 |    828 |   2408 |   6 |  776.7 |
       Dungeon |   4335 |   4167 |    168 |    728 |   2211 |   5 |  867.0 |
        Temple |    324 |    324 |      0 |    100 |    197 |   1 |  324.0 |
               +--------+--------+--------+--------+--------+-----+--------+

Top non-repeatable levels by time:
     D:4: 1879 daAuts
     D:3: 1058 daAuts
     D:1: 694 daAuts
     D:2: 569 daAuts
  Temple: 324 daAuts
     D:5: 134 daAuts
